 Dungeon Crawl Stone Soup version 0.29.0-4-gdea44cf6ec (webtiles) character file.

Game seed: 3653187061112316505

5632 gelatine the Zephyrmancer (level 10, -5/112 HPs)
             Began as a Demonspawn Air Elementalist on Aug 27, 2022.
             Was an Elder of Makhleb.
             Hit by a large rock thrown by a cyclops (12 damage)
             ... on level 9 of the Dungeon.
             The game lasted 00:41:47 (13505 turns).

gelatine the Zephyrmancer (DsAE)                   Turns: 13505, Time: 00:41:48

Health: -5/112     AC: 25    Str: 16    XL:     10   Next: 46%
Magic:  0/19       EV:  2    Int: 20    God:    Makhleb [****..]
Gold:   430        SH: 12    Dex: 13    Spells: 11/21 levels left

rFire   . . .      SeeInvis .   K - +2 whip (vamp)
rCold   . . .      Faith    .   j - +0 kite shield
rNeg    + . .      Spirit   +   (body armour currently unavailable)
rPois   +          Reflect  .   (helmet currently unavailable)
rElec   .          Harm     .   (cloak currently unavailable)
rCorr   .          Rampage  .   (gloves currently unavailable)
Will    .....      Clarity  +   (boots currently unavailable)
Stlth   ++........ NoTele   +   c - amulet of guardian spirit
HPRegen 0.28/turn               a - +6 ring of strength
MPRegen 0.16/turn               O - ring of positive energy

@: brilliant, tree-form
A: stationary, stasis, torment immunity, boosted hp, foul stench 1, (sturdy
frame 2), condensation shield, clarity, mutation resistance 1
a: Renounce Religion, Minor Destruction, Lesser Servant of Makhleb, Major
Destruction


You were on level 9 of the Dungeon.
You worshipped Makhleb.
Makhleb was greatly pleased with you.
You were a tree.
You visited 2 branches of the dungeon, and saw 10 of its levels.

You collected 430 gold pieces.

Inventory:

Hand Weapons
 g - a +2 dagger of venom
 w - a +4 dire flail
 K - a +2 vampiric whip (weapon)
 M - a +5 short sword
Missiles
 l - 7 atropa-tipped darts
 s - 3 curare-tipped darts
 F - a boomerang
 G - a boomerang of dispersal
 L - 9 poisoned darts
 N - 2 throwing nets
Armour
 j - a +0 kite shield (worn)
 o - a +0 pair of gloves (melded)
 v - a +0 cloak (melded)
 I - +0 steam dragon scales (melded)
Magical Staves
 u - a staff of earth
Jewellery
 a - a +6 ring of strength (left branch)
 c - an amulet of guardian spirit (around neck)
 O - a ring of positive energy (right branch)
Wands
 d - a wand of flame (19)
 x - a wand of digging (6)
 D - a wand of charming (5)
Scrolls
 f - 2 scrolls of fear
 i - 2 scrolls of blinking
 r - a scroll of butterflies
 y - 2 scrolls of enchant weapon
 z - 2 scrolls of poison
 A - a scroll of identify
 E - 2 scrolls of vulnerability
 J - 2 scrolls of teleportation
 P - a scroll of amnesia
Potions
 b - a potion of magic
 e - 4 potions of mutation
 h - 2 potions of brilliance
 k - a potion of cancellation {unknown}
 m - 2 potions of haste {unknown}
 n - 2 potions of lignification
 p - a potion of might {unknown}
 q - 2 potions of attraction {unknown}
 t - a potion of flight {unknown}
 B - a potion of ambrosia {unknown}
 C - 2 potions of heal wounds {unknown}
 H - a potion of curing


   Skills:
 * Level 5.6 Fighting
 + Level 2.1 Short Blades
 + Level 1.8 Maces & Flails
 + Level 1.9 Armour
 + Level 4.1 Dodging
 + Level 2.5 Stealth
 + Level 1.9 Shields
 + Level 6.1 Spellcasting
 + Level 5.2 Conjurations
 * Level 8.3 Air Magic
 * Level 6.7 Invocations


You had 11 spell levels left.
You knew the following spells:

 Your Spells              Type           Power      Damage    Failure   Level
a - Shock                 Conj/Air       100%       1d9       2%          1
b - Static Discharge      Conj/Air       49%        3-10/arc  3%          2
c - Swiftness             Air            56%        N/A       3%          3
d - Airstrike             Air            28%        2d(4-20)  11%         4

Your spell library contained the following spells:

 Spells                   Type           Power      Damage    Failure   Level
 Slow                     Hex            36%        N/A       34%         1
 Dazzling Flash           Conj/Hex       48%        N/A       34%         3
 Passwall                 Tmut/Erth      7%         N/A       45%         2
 Ignite Poison            Fire/Tmut/Pois 9%         N/A       71%         3
 Inner Flame              Hex/Fire       9%         N/A       71%         3
 Iskenderun's Mystic Bla  Conj/Tloc      24%        2d7       75%         4
 Cause Fear               Hex            4%         N/A       98%         4
 Starburst                Conj/Fire      12%        6d5       100%        6
 Statue Form              Tmut/Erth      6%         N/A       100%        6
 Dragon Form              Tmut           4%         N/A       100%        7
 Discord                  Hex            4%         N/A       100%        8


Dungeon Overview and Level Annotations

Branches:
Dungeon (9/15)             Temple (1/1) D:6
   Lair: D:8-11         Orc: D:9-12

Altars:
Cheibriados
Dithmenos
Fedhas
Gozag
Hepliaklqana
Makhleb
Nemelex Xobeh
Okawaru
Qazlal
Ru
Sif Muna
Trog
Uskayaw
Vehumet
Wu Jian
Yredelemnul


Innate Abilities, Weirdness & Mutations

You are a tree.
Your roots penetrate the ground, keeping you stationary.
You cannot be teleported.
You are immune to unholy pain and torment.
Your maximum health is greatly increased.
Your equipment is partially melded.
You may rarely emit foul miasma when damaged in melee.
((Your movements are less encumbered by armour. (ER -4)))
A meltable shield of frost defends you. (SH +4)
You possess an exceptional clarity of mind.
You are somewhat resistant to further mutation.


Message History

The shadow is moderately damaged.
You block the shadow's attack.
Your neqoxec hits the shadow!
Hit: K) +2 whip (vamp)
Press: ? - help, Dir - move target, f/p - shadow
Aim: a shadow (severely damaged, not watching you, ally target, about 38% to evade your +2 vampiric whip)
You hit the shadow.
The shadow is severely damaged.
The shadow hits you.
Your neqoxec barely misses the shadow.
You block the shadow's attack.
Hit: K) +2 whip (vamp)
Press: ? - help, Dir - move target, f/p - shadow
Aim: a shadow (severely damaged, ally target, about 38% to evade your +2 vampiric whip)
You hit the shadow but do no damage.
The shadow is severely damaged.
Your neqoxec hits the shadow but does no damage.
You block the shadow's attack.
A cyclops comes into view.
Hit: K) +2 whip (vamp)
Press: ? - help, Dir - move target, f/p - shadow
Aim: a shadow (severely damaged, ally target, about 38% to evade your +2 vampiric whip)
You hit the shadow.
The shadow is severely damaged.
Your neqoxec hits the shadow!
The shadow is destroyed!
Makhleb accepts your kill.
Hit: K) +2 whip (vamp)
Press: ? - help, Dir - move target You swing at nothing.
You cannot move.
A cyclops is nearby!
A cyclops is nearby!
A cyclops is nearby!
Your neqoxec completely misses the cyclops.
Your neqoxec hits the cyclops. Your neqoxec hits the cyclops!
The cyclops throws a large rock.
The large rock hits you!
* * * LOW HITPOINT WARNING * * *
Your neqoxec hits the cyclops!
The cyclops throws a large rock.
The large rock hits you!
You die...

#≈ #######≈≈
........≈###### ..
........≈##≈≈≈##≈..
........≈≈≈≈≈3≈≈≈..
#...........C.....
#........♣........
#...........#####.
#...........#
#######...........#
..............#####
..........†........
########..#########
#..# #..#


You could see a cyclops (ally target) and a friendly neqoxec (summoned).

Vanquished Creatures
  Maggie (D:6)
  A steam dragon (D:7)
  6 water moccasins
  3 ice beasts
  5 sky beasts (D:7)
  3 black bears
  An ogre (D:6)
  A centaur (D:7)
  4 kobold brigands
  7 bullfrogs
  3 necrophages
  2 scorpions (D:5)
  15 wights
  5 killer bees (D:9)
  6 hounds
  A jelly (D:5)
  5 orc priests
  4 iguanas
  11 orc wizards
  5 gnolls
  10 adders
  A white imp (D:7)
  3 worms
  6 dart slugs
  35 orcs
  7 ball pythons
  8 bats
  5 endoplasms
  4 giant cockroaches
  7 goblins
  4 hobgoblins
  8 jackals
  2 quokkas
  8 frilled lizards
  23 kobolds
  6 rats
226 creatures vanquished.

Vanquished Creatures (collateral kills)
  A shadow (D:9)
  2 wights (D:6)
  An electric eel (D:9)
4 creatures vanquished.

Vanquished Creatures (others)
  A jelly (D:8)
  A white imp (D:8)
  An endoplasm (D:4)
3 creatures vanquished.

Grand Total: 233 creatures vanquished

Notes
Turn   | Place    | Note
-------+----------+-------------------------------------------
     0 | D:1      | gelatine the Demonspawn Air Elementalist began the quest
                  | for the Orb.
     0 | D:1      | Reached XP level 1. HP: 13/13 MP: 3/3
   400 | D:1      | Reached skill level 3 in Air Magic
   400 | D:1      | Gained mutation: Your movements are slightly less
                  | encumbered by armour. (ER -2) [demonic ancestry]
   400 | D:1      | Reached XP level 2. HP: 7/19 MP: 0/5
  1070 | D:1      | Gained mutation: Your movements are less encumbered by
                  | armour. (ER -4) [demonic ancestry]
  1070 | D:1      | Reached XP level 3. HP: 24/24 MP: 3/6
  1071 | D:1      | Found a faded altar of an unknown god.
  1076 | D:1      | Prayed at the altar of an unknown god.
  1076 | D:1      | Became a worshipper of Makhleb the Destroyer
  1076 | D:1      | Reached * piety under Makhleb
  2173 | D:3      | Learned a level 2 spell: Static Discharge
  2213 | D:3      | Reached XP level 4. HP: 12/30 MP: 1/7
  2989 | D:3      | Reached ** piety under Makhleb
  3047 | D:3      | Reached skill level 1 in Short Blades
  3614 | D:4      | Reached skill level 1 in Fighting
  3614 | D:4      | Gained mutation: A meltable shield of frost defends you.
                  | (SH +4) [demonic ancestry]
  3614 | D:4      | Reached XP level 5. HP: 29/37 MP: 1/9
  3696 | D:4      | Reached skill level 4 in Air Magic
  3846 | D:4      | Reached skill level 1 in Invocations
  3941 | D:4      | Noticed a water moccasin
  3956 | D:4      | Gained mutation: You are somewhat resistant to further
                  | mutation. [potion of mutation]
  3956 | D:4      | Gained mutation: You possess an exceptional clarity of
                  | mind. [potion of mutation]
  4324 | D:4      | Learned a level 3 spell: Swiftness
  4516 | D:4      | Killed a water moccasin
  4517 | D:4      | Reached skill level 1 in Shields
  4517 | D:4      | Reached XP level 6. HP: 22/44 MP: 1/10
  4756 | D:4      | Learned a level 4 spell: Airstrike
  4858 | D:4      | Found a stormy altar of Qazlal.
  5128 | D:5      | Entered Level 5 of the Dungeon
  5388 | D:5      | Reached XP level 7. HP: 21/52 MP: 2/11
  5771 | D:5      | Reached skill level 5 in Air Magic
  5775 | D:5      | Reached *** piety under Makhleb
  6165 | D:5      | Found a bloodstained altar of Trog.
  6554 | D:5      | Gained mutation: You may rarely emit foul miasma when
                  | damaged in melee. [demonic ancestry]
  6554 | D:5      | Reached XP level 8. HP: 59/60 MP: 7/13
  7142 | D:5      | Got Hij Igg's Directory of Variation and Glamour
  7535 | D:6      | Found a staircase to the Ecumenical Temple.
  7797 | Temple   | Entered the Ecumenical Temple
  8122 | D:6      | Reached skill level 1 in Armour
  8303 | D:6      | Reached skill level 5 in Invocations
  8306 | D:6      | Reached skill level 6 in Air Magic
  8597 | D:6      | Reached XP level 9. HP: 64/66 MP: 5/15
  8727 | D:6      | Noticed Maggie
  8739 | D:6      | Killed Maggie
  8863 | D:6      | Found a snail-covered altar of Cheibriados.
  8863 | D:6      | Found a blossoming altar of Fedhas.
  9016 | D:6      | Reached skill level 5 in Spellcasting
  9328 | D:7      | Reached skill level 7 in Air Magic
  9520 | D:7      | Reached skill level 5 in Fighting
  9598 | D:7      | Reached skill level 1 in Maces & Flails
 10037 | D:7      | Reached XP level 10. HP: 74/74 MP: 0/18
 10298 | D:7      | Identified the +1 pair of gloves of Limitation {*Corrode
                  | Will+ Str-3 Dex+4}
 10331 | D:7      | Found an ornate altar of the Wu Jian Council.
 10470 | D:7      | Reached skill level 5 in Conjurations
 10475 | D:7      | Reached **** piety under Makhleb
 11411 | D:8      | Found a basalt altar of Yredelemnul.
 11413 | D:8      | Noticed a profane servitor
 11510 | D:8      | Noticed an angel
 12020 | D:9      | Reached skill level 8 in Air Magic
 13496 | D:9      | Noticed a cyclops
 13505 | D:9      | Hit by a large rock thrown by a cyclops

Illustrated notes

Levels and vault maps discovered:
D:1:      dpeg_arrival_three_same_balls, layout_rooms,
          shapermc_ecumenical_altar_petra
D:2:      layout_rooms
D:3:      layout_rooms, minmay_liquid_box, kennysheep_donut,
          minmay_misc_feat_roman, kennysheep_flooded_box, grunt_ministairs_5,
          kennysheep_generic_room_4
D:4:      layout_basic, grunt_qazlal_clouds, nicolae_figureground_sparkle
D:5:      layout_cave_pods, trog_ov_bears_minmay
D:6:      layout_basic, nicolae_overflow_two_pavilions,
          nicolae_overflow_crystal_walls, minmay_temple_entry_drinking_statues,
          uniq_maggie
D:7:      layout_basic, lemuel_tele_altar, minmay_bent
D:8:      layout_gridville, grunt_temple_overflow_holy_war
D:9:      layout_long_grid, tgw_xom, erik_orc_2, st_stairs_3,
          grunt_decor_fettered, lightli_minifort
Temple:   nicolae_temple_bog_church

Skill      XL: |  1  2  3  4  5  6  7  8  9 10 |
---------------+-------------------------------+-----
Stealth        | 2 |  2.5
Air Magic      | 3 4 5 6 7 8 |  8.3
Short Blades   | 1 2 |  2.1
Conjurations   | 2 3 4 5 |  5.2
Fighting       | 1 2 3 4 5 |  5.6
Dodging        | 2 3 4 |  4.1
Invocations    | 1 2 3 5 6 |  6.7
Shields        | 1 |  1.9
Spellcasting   | 3 4 5 6 |  6.1
Armour         | 1 |  1.9
Maces & Flails | 1 |  1.8

Action                   |  1- 3 |  4- 6 |  7- 9 | 10-12 || total
-------------------------+-------+-------+-------+-------++-------
Melee: Short sword       |    28 |       |       |       ||    28
       Dagger            |    27 |    64 |    82 |       ||   173
       Punch             |     1 |       |     4 |       ||     5
       Dire flail        |       |       |    52 |    20 ||    72
       Whip              |       |       |       |    61 ||    61
 Cast: Shock             |    83 |   145 |   144 |    65 ||   437
       Static Discharge  |       |     3 |    21 |     9 ||    33
       Swiftness         |       |     1 |       |     1 ||     2
       Airstrike         |       |       |    16 |    23 ||    39
Invok: Lesser Servant of |       |       |     1 |     1 ||     2
       Major Destruction |       |       |       |     2 ||     2
Evoke: Wand              |       |       |     1 |       ||     1
  Use: Potion            |       |     2 |     4 |     3 ||     9
       Scroll            |       |     5 |     6 |     4 ||    15
 Stab: Sleeping          |       |       |     1 |       ||     1
Armor: Robe              |    11 |    15 |     5 |       ||    31
       Ring mail         |       |       |    14 |       ||    14
       Steam dragon scal |       |       |    31 |    17 ||    48
       Skin              |       |       |       |     2 ||     2
Dodge: Dodged            |    45 |    41 |    92 |    43 ||   221
Block: Other             |       |    11 |    26 |     7 ||    44
       Kite shield       |       |       |       |    24 ||    24
